Map: Lerilak Crest

Players

Reddhuth - Winner!

  • Race: Zerg Zerg
  • League: Platinum

capac

  • Race: Terran Terran
  • League: Gold

VOD

Have the link to the VOD?

Description

Time

  • Played on: March 6, 2016, 12:53 p.m.
  • Length: 19:10
Show
View Real Time Build Order
Export as new Build Order

Reddhuth Zerg - Winner!

Build Orders: Hatch First, Lurkers 

Get SALT Encoding   

  12  0:01  Drone  
  13  0:13  Overlord  
  13  0:18  Drone  
  14  0:31  Drone x2  
  16  0:36  Drone  
  17  0:54  Hatchery  
  16  0:59  Drone x2  
  18  1:12  Spawning Pool  
  18  1:17  Drone  
  18  1:18  Extractor  
  17  1:23  Drone  
  18  1:32  Drone  
  19  1:44  Drone  
  20  1:50  Overlord  
  20  1:59  Queen  
  22  2:12  Zergling x2  
  22  2:13  Drone x2  
  22  2:14  Queen  
  27  2:24  Drone  
  27  2:25  Drone  
  29  2:35  Queen  
  29  2:36  Drone x2  
  33  2:48  Drone x2  
  35  2:55  Drone  
  35  2:57  Overlord  
  36  3:02  Spine Crawler  
  36  3:05  Overlord  
  35  3:13  Queen  
  35  3:14  Roach Warren  
  35  3:20  Drone  
  35  3:21  Drone x4  
  35  3:24  Drone x2  
  35  3:25  Drone  
  43  3:35  Drone x3  
  46  3:46  Drone x4  
  46  3:47  Drone  
  51  3:50  Extractor  
  51  3:51  Extractor  
  51  3:52  Extractor  
  48  4:02  Spore Crawler  
  48  4:03  Drone x3, Spore Crawler  
  48  4:04  Drone  
  50  4:14  Overlord x2  
  50  4:15  Overlord  
  50  4:26  Lair  
  50  4:36  Roach  
  50  4:37  Roach x2  
  56  4:42  Drone  
  56  4:43  Overlord  
  57  4:46  Hatchery  
  57  4:50  Roach x3  
  57  4:51  Roach  
  64  4:57  Overlord  
  64  5:02  Roach x2  
  64  5:03  Roach  
  64  5:04  Ravager x2  
  72  5:13  Drone  
  72  5:14  Drone  
  74  5:15  Evolution Chamber  
  73  5:21  Evolution Chamber  
  73  5:27  Roach x4  
  73  5:28  Ravager x3  
  83  5:45  Zerg Missile Weapons Level 1  
  83  5:49  Overlord x2  
  83  5:50  Zerg Ground Armor Level 1  
  83  5:51  Hydralisk Den  
  82  6:04  Roach x3  
  82  6:10  Drone x5  
  84  6:35  Roach x3  
  84  6:36  Roach x5  
  84  6:38  Glial Reconstitution  
  100  6:47  Roach x2  
  100  6:49  Overlord  
  100  6:52  Drone  
  105  6:57  Extractor  
  105  6:59  Extractor  
  103  7:02  Muscular Augments  
  103  7:04  Queen  
  103  7:06  Overlord  
  105  7:12  Ravager x5  
  110  7:20  Drone x3  
  110  7:46  Drone x2  
  110  7:47  Spine Crawler, Zerg Missile Weapons Level 2, Drone x3  
  110  7:48  Spine Crawler  
  110  7:49  Spine Crawler, Hatchery  
  111  8:04  Zerg Ground Armor Level 2  
  111  8:09  Drone  
  111  8:10  Drone x7  
  111  8:11  Drone x2  
  111  8:12  Infestation Pit  
  120  8:21  Drone x2  
  122  8:35  Overlord x3  
  122  8:36  Overlord x2  
  120  8:57  Hatchery  
  119  9:06  Hydralisk x7  
  133  9:32  Ravager x5  
  133  9:33  Ravager, Hydralisk x6  
  151  9:45  Spine Crawler  
  150  9:46  Spine Crawler, Drone  
  150  9:50  Spore Crawler  
  149  9:54  Hydralisk x2  
  153  10:00  Pneumatized Carapace  
  153  10:08  Overlord x2  
  153  10:10  Lurker Den  
  153  10:14  Drone  
  153  10:15  Drone  
  151  10:37  Drone x3  
  151  10:38  Drone x5  
  151  10:41  Spine Crawler, Spore Crawler  
  157  10:45  Hive  
  157  10:46  Drone x4  
  157  10:49  Drone x2  
  163  11:01  Drone x3  
  166  11:09  Spire  
  158  11:38  Drone x3  
  161  11:40  Zerg Melee Weapons Level 1  
  161  11:41  Tunneling Claws  
  161  11:42  Evolution Chamber  
  161  11:44  Pathogen Glands  
  160  11:55  Extractor  
  160  11:56  Extractor  
  158  12:04  Zerg Ground Armor Level 3  
  158  12:13  Spine Crawler  
  158  12:14  Spine Crawler  
  156  12:17  Infestor x2  
  156  12:18  Infestor x2  
  156  12:19  Hydralisk  
  156  12:20  Hatchery, Lurker x2  
  156  12:21  Lurker  
  168  12:26  Overlord x3  
  168  12:27  Overlord  
  168  12:38  Lurker x3  
  168  12:42  Metabolic Boost  
  171  12:54  Drone x3  
  174  13:07  Greater Spire  
  174  13:13  Drone  
  174  13:14  Drone x4  
  179  13:29  Overseer x2  
  179  13:34  Zerg Missile Weapons Level 3  
  179  13:40  Extractor  
  178  13:44  Extractor  
  172  13:57  Overlord x3  
  172  13:58  Corruptor x4, Drone  
  172  13:59  Corruptor x9  
  129  15:48  Hydralisk x2  
  129  15:49  Corruptor x2, Hydralisk x4, Roach x3  
  121  15:50  Corruptor, Roach x3, Hydralisk x5  
  121  15:51  Zergling x6, Corruptor, Roach x3, Hydralisk x2  
  121  15:52  Zergling x2, Roach x4  
  121  15:53  Roach  
  169  16:20  Overseer x3  
  169  16:25  Zerg Flyer Weapons Level 1  
  166  16:28  Corruptor x4  
  166  16:30  Overlord x2  
  176  16:33  Brood Lord x2  
  177  17:07  Corruptor x2  
  177  17:08  Corruptor x4  
  181  17:13  Brood Lord x2  
  181  17:14  Brood Lord  
  193  17:24  Overseer x2  
  189  17:42  Extractor  
  183  17:44  Hatchery  
  183  17:46  Extractor  
  136  18:44  Hydralisk x2  
  136  18:45  Hydralisk x29, Roach  
  194  19:08  Hatchery  
Show
View Real Time Build Order
Export as new Build Order

capac Terran 

Build Orders:  

Get SALT Encoding   

  12  0:01  SCV  
  13  0:13  SCV  
  14  0:18  Supply Depot  
  14  0:25  SCV  
  15  0:39  SCV  
  16  0:42  Barracks  
  16  0:51  SCV  
  16  0:53  Refinery  
  17  1:04  SCV  
  18  1:16  SCV  
  19  1:28  SCV  
  20  1:37  Command Center  
  20  1:40  SCV, Barracks Reactor  
  21  1:51  Supply Depot  
  21  1:58  Orbital Command  
  21  2:16  Barracks  
  21  2:25  Factory, Marine  
  21  2:26  Marine  
  23  2:31  SCV  
  24  2:43  Marine  
  25  2:44  Marine  
  25  2:52  Refinery  
  25  2:53  SCV  
  25  2:54  Orbital Command  
  26  3:03  Bunker, Marine  
  27  3:05  Barracks Tech Lab  
  27  3:17  SCV  
  27  3:18  Marine  
  29  3:21  Marine  
  29  3:25  SCV  
  31  3:29  SCV  
  31  3:30  Starport  
  31  3:33  Factory Reactor  
  32  3:37  SCV  
  32  3:41  SCV  
  34  3:42  Marine  
  34  3:44  Marine  
  36  3:51  SCV  
  37  3:56  SCV  
  37  4:02  Supply Depot  
  38  4:04  SCV  
  38  4:06  Marine x3  
  42  4:10  Stimpack  
  42  4:17  Engineering Bay, SCV x2  
  42  4:20  Refinery  
  42  4:24  Marine x3  
  44  4:27  Supply Depot  
  47  4:31  SCV x2  
  47  4:37  Factory Tech Lab  
  49  4:39  Medivac x2  
  53  4:46  SCV x2  
  55  5:00  SCV x2  
  55  5:04  Refinery, Marine x3  
  60  5:07  Siege Tank  
  60  5:12  SCV  
  64  5:19  Barracks  
  64  5:20  Barracks  
  64  5:22  Marine x2  
  66  5:34  SCV  
  66  5:35  Marine, SCV  
  68  5:36  Supply Depot  
  68  5:40  Marine, Liberator  
  70  5:49  Supply Depot  
  70  5:54  Liberator  
  70  5:57  Marine, SCV x2  
  70  6:02  Supply Depot  
  69  6:31  Marine x3, Siege Tank  
  70  6:34  Barracks Reactor  
  70  6:35  Barracks Reactor  
  70  6:38  Command Center  
  70  6:42  Missile Turret  
  70  6:45  Missile Turret  
  70  6:49  Marine x3  
  70  6:51  SCV x2  
  70  6:53  Supply Depot  
  75  6:56  Medivac x2  
  79  7:06  Siege Tank  
  82  7:11  Marine  
  82  7:12  Marine x5  
  82  7:13  Marine  
  89  7:29  Missile Turret  
  89  7:30  Medivac x2  
  93  7:40  Marine x3  
  93  7:41  Marine x4  
  100  7:51  Liberator x2  
  100  7:58  Marine x3  
  100  8:03  Marine x4  
  107  8:06  Siege Tank  
  116  8:13  Starport  
  116  8:15  Orbital Command  
  116  8:17  Missile Turret  
  116  8:20  Terran Infantry Weapons Level 1  
  116  8:21  Supply Depot  
  116  8:26  Marine  
  117  8:32  Supply Depot  
  117  8:33  Marine x6  
  123  9:16  SCV x2  
  125  9:18  Marine x7  
  132  9:28  SCV x2  
  131  9:33  Orbital Command  
  131  9:35  Marine  
  132  9:40  SCV x2  
  132  9:41  Siege Tank  
  138  9:52  SCV  
  138  10:03  Liberator  
  138  10:04  Liberator  
  144  10:22  Refinery  
  144  10:26  Starport x2, Starport Reactor  
  144  10:28  Siege Tank  
  147  10:35  Marine x4  
  145  10:41  Marine  
  149  10:50  Liberator  
  149  10:51  Liberator x2  
  149  10:54  Missile Turret  
  149  10:55  Liberator  
  149  10:58  Terran Infantry Armor Level 1  
  149  11:01  Armory  
  149  11:04  Marine x7  
  149  11:05  Starport Reactor  
  149  11:09  Supply Depot  
  152  11:22  Marine x5  
  156  11:31  Starport Reactor  
  156  11:32  Supply Depot  
  156  11:33  Liberator  
  156  11:37  Liberator x3  
  156  11:39  Siege Tank  
  159  11:40  Marine x5  
  159  11:41  Marine  
  159  11:42  Liberator  
  159  11:43  SCV x2  
  159  11:44  SCV  
  183  12:11  Medivac x3  
  189  12:17  Supply Depot  
  189  12:18  Terran Ship Weapons Level 1  
  189  12:21  Engineering Bay  
  189  12:51  Terran Infantry Weapons Level 2  
  189  12:52  Terran Infantry Armor Level 2  
  189  13:02  Barracks  
  189  13:14  Refinery  
  180  13:47  Marine x3  
  180  13:48  Marine x4  
  171  13:55  Liberator x3  
  170  13:56  Liberator x3  
  170  14:05  Marine x4  
  170  14:06  Marine x3  
  177  14:10  Barracks Reactor  
  177  14:15  Barracks  
  195  14:23  Marine x5  
  200  15:10  Barracks Reactor  
  200  15:19  Barracks  
  154  15:51  Marine x4  
  154  15:52  Marine x7  
  159  16:09  Marine x6  
  159  16:10  Marine x2  
  167  16:15  Liberator x5  
  167  16:25  Command Center  
  182  16:33  Marine x4  
  182  16:34  Marine x7  
  193  16:41  Medivac x3  
  199  16:51  Marine x5  
  197  17:18  Marine x3  
  174  17:51  Marine x6  
  167  17:52  Marine x5  
  171  18:08  Marine  
  171  18:09  Marine x3  
  171  18:10  Marine x4  
  171  18:11  Marine x3  
  173  18:26  Marine  
Tags
 
Composition
Lurkers
Matchup
TvZ
Add a new tag
Caveats
  • Supply blocks, unpowered buildings, or Contaminate may cause inaccurate times.
  • Supply counts are checked every 10 seconds.